 Dungeon Crawl Stone Soup version 0.27-a0-1202-ge72e49191c (webtiles) character file.

Game seed: 4115872856997295692

7032 flotson the Cleaver (level 10, -3/118 HPs)
             Began as a Demonspawn Fighter on June 1, 2021.
             Was a High Priest of Okawaru.
             Killed by divine providence
             ... invoked by an orc priest
              (11 damage)
             ... on level 8 of the Dungeon on June 3, 2021.
             The game lasted 00:24:11 (12955 turns).

flotson the Cleaver (Demonspawn Fighter)           Turns: 12955, Time: 00:24:11

Health: -3/118     AC: 29    Str: 19    XL:     10   Next: 83%
Magic:  12/13      EV:  2    Int: 11    God:    Okawaru [*****.]
Gold:   493        SH: 12    Dex: 12    Spells: 9/9 levels left

rFire    . . .     SeeInvis .   a - +1 war axe
rCold    . . .     Faith    .   c - +0 kite shield
rNeg     + + +     Spirit   .   (armour currently unavailable)
rPois    +         Reflect  .   (helmet currently unavailable)
rElec    .         Harm     .   (cloak currently unavailable)
rCorr    .         Rampage  .   (gloves currently unavailable)
Will     .....     NoTele   +   (boots unavailable)
Stlth    +++.......             (no amulet)
HPRegen  0.29/turn              E - +4 ring of protection
MPRegen  0.13/turn              (no ring)

@: tree-form, heroic
A: stationary, stasis, torment immunity, boosted hp, (hooves 3), ignite blood 3
a: Renounce Religion, Heroism, Finesse


You were on level 8 of the Dungeon.
You worshipped Okawaru.
Okawaru was extremely pleased with you.
You were a tree.
You visited 1 branch of the dungeon, and saw 8 of its levels.

You collected 493 gold pieces.

Inventory:

Hand Weapons
 a - a +1 war axe (weapon)
 b - a +0 hunting sling
 B - a +0 trident of freezing
 D - a +1 trident of protection
Missiles
 h - 43 poisoned darts
 l - 64 sling bullets
 o - 2 javelins
 p - 2 curare-tipped darts (quivered)
 t - 6 atropa-tipped darts
Armour
 c - a +0 kite shield (worn)
 e - a +0 helmet (melded)
 f - a +0 scale mail (melded)
 y - a scarf of shadows (melded)
Jewellery
 E - a +4 ring of protection (left branch)
 G - a ring of fire
Wands
 r - a wand of digging (9)
 x - a wand of charming (9)
Scrolls
 g - a scroll of identify
 j - 2 scrolls of immolation
 k - 2 scrolls of silence
 n - 2 scrolls of vulnerability
 u - a scroll of teleportation {unknown}
 w - 2 scrolls of fog
Potions
 d - a potion of might
 i - a potion of lignification
 m - 2 potions of curing
 q - 5 potions of mutation
 s - a potion of resistance
 z - a potion of magic
 A - 2 potions of brilliance
 F - a potion of ambrosia


   Skills:
 + Level 7.0(12.0) Fighting
 * Level 8.1(13.1) Axes
 - Level 3.0(8.0) Throwing
 + Level 6.4(11.4) Armour
 + Level 5.5(10.5) Dodging
 + Level 6.3(11.3) Shields
 - Level 4.0 Invocations
 + Level 4.7 Evocations


You had 9 spell levels left.
You didn't know any spells.
Your spell library contained the following spells:

 Spells                   Type           Power      Damage    Failure   Level
 Animate Skeleton         Necr           0%         N/A       50%         1
 Corona                   Hex            0%         N/A       50%         1
 Pain                     Necr           0%         1d4       50%         1
 Ensorcelled Hibernation  Hex/Ice        0%         N/A       65%         2
 Confusing Touch          Hex            0%         N/A       86%         3
 Dazzling Flash           Conj/Hex       0%         N/A       86%         3
 Gell's Gravitas          Tloc           0%         N/A       86%         3
 Tukima's Dance           Hex            0%         N/A       86%         3
 Vampiric Draining        Necr           0%         2d6       86%         3
 Animate Dead             Necr           0%         N/A       99%         4
 Petrify                  Tmut/Erth      0%         N/A       99%         4
 Agony                    Necr           0%         N/A       100%        5
 Metabolic Englaciation   Hex/Ice        0%         N/A       100%        5
 Yara's Violent Unravell  Hex/Tmut       0%         3d3       100%        5


Dungeon Overview and Level Annotations

Branches:
Dungeon (8/15)             Temple (0/1) D:7
   Lair: D:8-11

Altars:
Nemelex Xobeh
Okawaru
Sif Muna
Trog
Zin
The Shining One

Annotations:
D:3 2 transporters, bilbop's ghost, amateur DjVM


Innate Abilities, Weirdness & Mutations

You are a tree.
Your roots penetrate the ground, keeping you stationary.
You cannot be teleported.
You are immune to unholy pain and torment.
Your maximum health is greatly increased.
Your equipment is partially melded.
((You have hooves in place of feet.))
Your demonic aura causes all spilled blood to erupt in flames.


Message History

The orc priest is lightly wounded.
You hit the orc warrior but do no damage.
The orc warrior is engulfed in blazing flames.
The orc warrior hits you with a +0 dire flail of protection!!
* * * LOW HITPOINT WARNING * * *
Unknown command.
Really quaff the potion of lignification?
You turn into a tree.
Your scarf of shadows melds into your body.
Your +0 helmet melds into your body.
Your +0 scale mail melds into your body.
The dungeon's light returns to normal.
Your roots penetrate the ground.
The orc warrior hits you with a +0 dire flail of protection.
* * * LOW HITPOINT WARNING * * *
You hit the orc warrior.
The orc warrior is moderately wounded.
You completely miss the orc warrior.
The orc priest casts a cantrip, but nothing happens.
The orc warrior barely misses you.
Unknown command.
You hit the orc warrior.
You kill the orc warrior!
Okawaru accepts your kill.
You slash the orc warrior! You barely miss the orc. You slash the orc!
You kill the orc!
The orc warrior is engulfed in blazing flames.
You kill the orc warrior!
Okawaru accepts your kill. The orc hits you but does no damage.
The orc priest miscasts a cantrip.
Your base Fighting skill increases to level 7!
Unknown command.
You closely miss the orc wizard. You barely miss the orc.
You block the orc wizard's attack. The orc hits you but does no damage.
Unknown command.
You hit the orc wizard but do no damage.
You hit the orc.
The orc priest mumbles some strange prayers to Beogh against you.
Beogh smites you!
You die...

####)####.......#####.....##'####
#...)[#).......................#≈
....))'>.......................#≈
....))#........................#≈
.....)#........≈≈≈≈≈≈≈≈≈.......#≈
#######........≈#######≈..######≈
...............≈#...?.#≈..#≈≈≈≈≈≈
...........†.##)oo...!#≈#.#≈...♣♣
.............#.°♣○o.?.#≈#.'......
.............#..☼....(#≈#.#≈...♣♣
.............#.≈#...$.#≈#.#≈≈≈≈≈≈
.............#.≈#######≈#.######≈
####'###.....#.≈≈≈≈≈≈≈≈≈..######≈
#......#.....#.....#......#....#≈
#......#.....#....(#...>..#....#≈
#......#.....#.....#......#....#≈
#.....>#.....#.....#......#....##


You could see an orc priest, an orc wizard and an orc.

Vanquished Creatures
  3 kobold demonologists (D:8)
  A slime creature (D:6)
  Sigmund (D:2)
  A shadow (D:6)
  A steam dragon (D:7)
  An acid dragon (D:7)
  5 water moccasins
  5 orc warriors
  3 ice beasts
  3 black bears
  2 ogres
  5 necrophages
  A sky beast (D:8)
  A phantom (D:5)
  3 centaurs
  3 kobold brigands (D:8)
  4 bullfrogs
  3 gnoll sergeants (D:7)
  4 scorpions
  A wyvern skeleton (D:4)
  A wyvern zombie (D:7)
  10 killer bees
  4 wights
  3 howler monkeys (D:7)
  2 jellies
  9 orc priests
  3 bullfrog skeletons
  2 gnoll shamans
  A centaur skeleton (D:6)
  4 iguanas
  8 orc wizards
  A howler monkey zombie (D:6)
  26 gnolls
  5 adders
  2 shadow imps
  A white imp (D:6)
  An ufetubus (D:4)
  An adder skeleton (D:3)
  A worm (D:3)
  A dart slug (D:1)
  31 orcs
  7 ball pythons
  6 endoplasms
  5 giant cockroaches
  8 goblins
  4 hobgoblins
  7 jackals
  4 quokkas
  3 bats
  4 frilled lizards
  5 kobolds
  A quokka skeleton (D:4)
  3 rats
225 creatures vanquished.

Notes
Turn   | Place    | Note
-------+----------+-------------------------------------------
     0 | D:1      | flotson the Demonspawn Fighter began the quest for the Orb.
     0 | D:1      | Reached XP level 1. HP: 18/18 MP: 1/1
   254 | D:1      | Gained mutation: Your demonic aura sometimes causes spilled
                  | blood to erupt in flames. [demonic ancestry]
   254 | D:1      | Reached XP level 2. HP: 24/24 MP: 2/2
   269 | D:1      | Reached skill level 2 in Axes
   419 | D:1      | Found a faded altar of an unknown god.
  1123 | D:2      | Noticed Sigmund
  1156 | D:2      | Upgraded the game from 0.27-a0-1200-g94dc6ad4cf to
                  | 0.27-a0-1202-ge72e49191c
  1159 | D:2      | Reached XP level 3. HP: 28/29 MP: 3/3
  1283 | D:2      | Reached skill level 1 in Dodging
  1824 | D:2      | Killed Sigmund
  1825 | D:2      | Reached skill level 1 in Throwing
  1825 | D:2      | Gained mutation: Your demonic aura often causes spilled
                  | blood to erupt in flames. [demonic ancestry]
  1825 | D:2      | Reached XP level 4. HP: 5/37 MP: 4/4
  1825 | D:2      | Gained mutation: You have large cloven feet. [demonic
                  | ancestry]
  1825 | D:2      | Reached XP level 5. HP: 6/42 MP: 5/5
  2483 | D:3      | Found an iron altar of Okawaru.
  2510 | D:3      | Became a worshipper of Warmaster Okawaru
  2610 | D:3      | Noticed bilbop's ghost (amateur DjVM)
  2615 | D:3      | Found a transporter.
  2617 | D:3      | Found a transporter.
  3000 | D:3      | Reached skill level 1 in Invocations
  3067 | D:3      | Gained mutation: You have hoof-like feet. [demonic
                  | ancestry]
  3067 | D:3      | Reached XP level 6. HP: 48/48 MP: 6/6
  3686 | D:4      | Reached skill level 3 in Axes
  4883 | D:4      | Reached XP level 7. HP: 12/54 MP: 8/8
  5337 | D:5      | Entered Level 5 of the Dungeon
  5354 | D:4      | Reached * piety under Okawaru
  5523 | D:5      | Reached skill level 4 in Axes
  5882 | D:5      | Gained mutation: You have hooves in place of feet. [demonic
                  | ancestry]
  5882 | D:5      | Reached XP level 8. HP: 41/61 MP: 10/10
  6160 | D:5      | Reached ** piety under Okawaru
  7283 | D:6      | Reached skill level 5 in Fighting
  7284 | D:6      | Reached skill level 5 in Axes
  7705 | D:6      | Reached skill level 1 in Evocations
  8297 | D:6      | Reached *** piety under Okawaru
  8350 | D:6      | Gained mutation: Your demonic aura causes all spilled blood
                  | to erupt in flames. [demonic ancestry]
  8350 | D:6      | Reached XP level 9. HP: 59/67 MP: 12/12
  8631 | D:6      | Found a bloodstained altar of Trog.
  8639 | D:6      | Found a shimmering blue altar of Sif Muna.
  8641 | D:6      | Found a sparkling altar of Nemelex Xobeh.
  9099 | D:7      | Reached skill level 5 in Armour
  9102 | D:7      | Reached skill level 5 in Shields
  9163 | D:7      | Found a staircase to the Ecumenical Temple.
  9398 | D:7      | Reached skill level 6 in Axes
 10190 | D:7      | Reached **** piety under Okawaru
 10603 | D:7      | Reached XP level 10. HP: 54/76 MP: 13/13
 10721 | D:7      | Reached skill level 7 in Axes
 11204 | D:7      | You fall into a shaft and drop 1 floor!
 11234 | D:8      | Reached skill level 5 in Dodging
 11234 | D:8      | Reached ***** piety under Okawaru
 12626 | D:8      | Reached skill level 8 in Axes
 12955 | D:8      | Killed from afar by an orc priest

Illustrated notes

Levels and vault maps discovered:
D:1:      saegor_arrival_simple_b, layout_basic, basic_ecumenical_altar
D:2:      layout_loops_ring, basic_altar, minmay_tromino_v4_c, uniq_sigmund
D:3:      layout_basic, amcnicky_altar_gilded, gammafunk_ghost_arena
D:4:      layout_basic
D:5:      layout_cave_pools
D:6:      layout_basic, chequers_temple_overflow_minitemple, minivault_4
D:7:      cheibrodos_fzero, layout_loops_ring, minmay_temple_entry_large_hall,
          wad_floor_pattern_untrapped
D:8:      layout_gridville, kennysheep_minor_cross, minmay_orc_keep

Skill      XL: |  1  2  3  4  5  6  7  8  9 10 |
---------------+-------------------------------+-----
Axes           | 2 3 4 5 6 8 |  8.1
Armour         | 3 4 5 6 |  6.4
Dodging        | 1 2 3 4 5 |  5.5
Shields        | 3 4 5 6 |  6.3
Throwing       | 1 2 3 |  3.0
Invocations    | 1 2 3 4 |  4.0
Fighting       | 4 5 6 7 |  7.0
Evocations     | 1 3 4 |  4.7

Action                   |  1- 3 |  4- 6 |  7- 9 | 10-12 || total
-------------------------+-------+-------+-------+-------++-------
Melee: War axe           |    74 |   127 |   295 |   145 ||   641
       Kick              |       |       |    62 |    37 ||    99
Throw: Dart              |     7 |     2 |    33 |     2 ||    44
       Boomerang         |       |       |    54 |       ||    54
Invok: Heroism           |       |       |     1 |     3 ||     4
  Use: Potion            |     3 |     1 |       |     6 ||    10
       Scroll            |       |       |     5 |    10 ||    15
Armor: Scale mail        |    45 |    86 |   142 |   100 ||   373
       Skin              |       |       |       |     2 ||     2
Dodge: Dodged            |    29 |    47 |   106 |   108 ||   290
Block: Kite shield       |    47 |    73 |   156 |   125 ||   401

Table legend: (Time is in decaauts)
 A = Elapsed time spent in this place.
 B = Non-inter-level travel time spent in this place.
 C = Inter-level travel time spent in this place.
 D = Time resting spent in this place.
 E = Time spent auto-exploring this place.
 F = Levels seen in this place.
 G = Mean time per level.
                   A        B        C        D        E       F      G
               +--------+--------+--------+--------+--------+-----+--------+
         Total |  13298 |  12823 |    475 |   1761 |   8965 |   8 | 1662.2 |
       Dungeon |  13298 |  12823 |    475 |   1761 |   8965 |   8 | 1662.2 |
               +--------+--------+--------+--------+--------+-----+--------+

Top non-repeatable levels by time:
     D:6: 2516 daAuts
     D:4: 2235 daAuts
     D:7: 1760 daAuts
     D:5: 1733 daAuts
     D:2: 1469 daAuts
     D:3: 1342 daAuts
     D:8: 1207 daAuts
     D:1: 1034 daAuts
